 Dungeon Crawl Stone Soup version 0.30-a0-956-gcec3b41aec (webtiles) character file.

Game seed: 15422759075413574884

450 oldriver the Trooper (level 7, 0/45 HPs)
             Began as a Gargoyle Fighter on Mar 30, 2023.
             Slain by a black bear (6 damage)
             ... on level 5 of the Dungeon.
             The game lasted 00:03:50 (3148 turns).

oldriver the Trooper (Gargoyle Fighter)             Turns: 3148, Time: 00:03:51

Health: 0/45       AC: 11    Str: 21    XL:     7   Next: 4%
Magic:  7/7        EV:  9    Int:  9    God:
Gold:   53         SH:  4    Dex:  9    Spells: 6/6 levels left

rFire   + . .      SeeInvis .    a - +1 war axe
rCold   + . .      Faith    .    c - +0 buckler
rNeg    + + .      Spirit   .    w - +0 scale mail of Inuawnozoi {rC+ Stlth+}
rPois   ∞          Reflect  .    (no helmet)
rElec   +          Rampage  .    (no cloak)
rCorr   .                        (no gloves)
Will    .....                    (no boots)
Stlth   ++                       (no amulet)
HPRegen 0.27/turn                n - ring of protection from fire
MPRegen 0.10/turn                t - ring of positive energy

@: no status effects
A: sickness immunity, AC +4, negative energy resistance 1, electricity
resistance, torment resistance 1, petrification resistance
a: no special abilities


You were on level 5 of the Dungeon.
You visited 1 branch of the dungeon, and saw 5 of its levels.

You collected 278 gold pieces.
You spent 225 gold pieces at shops.

Inventory:

Hand Weapons
 a - a +1 war axe (weapon)
Armour
 c - a +0 buckler (worn)
 w - the +0 scale mail of Inuawnozoi (worn) {rC+ Stlth+}
   (You bought it in a shop on level 4 of the Dungeon)

   rC:        It protects you from cold.
   Stlth:     It makes you more stealthy.
Jewellery
 n - a ring of protection from fire (left hand)
 t - a ring of positive energy (right hand)
 u - a ring of fire
Wands
 q - a wand of paralysis (3)
Scrolls
 e - a scroll of vulnerability
 g - a scroll of teleportation
 h - 3 scrolls of identify
 i - 2 scrolls of enchant armour
 l - a scroll of noise
 r - a scroll of torment {unknown}
 v - a scroll of amnesia {unknown}
Potions
 b - a potion of degeneration {unknown}
 d - a potion of might
 f - 5 potions of curing {unknown}
 j - 2 potions of ambrosia {unknown}
 k - a potion of mutation
 m - a potion of heal wounds {unknown}
 o - 3 potions of brilliance {unknown}
 p - a potion of magic {unknown}
 s - a potion of haste {unknown}


   Skills:
 + Level 5.6 Fighting
 * Level 4.2 Axes
 + Level 3.3 Armour
 + Level 0.2 Dodging
 + Level 4.0 Stealth
 + Level 3.3 Shields


You had 6 spell levels left.
You didn't know any spells.
Your spell library was empty.

Dungeon Overview and Level Annotations

Branches:
Dungeon (5/15)             Temple (0/1) D:5

Altars:
Fedhas
Qazlal
Uskayaw
Wu Jian
The Shining One

Shops:
D:4 *[=[   D:5 ?(?


Innate Abilities, Weirdness & Mutations

You are immune to sickness and miasma.
Your stone body is resilient. (AC +4)
You are immune to poison.
You resist negative energy. (rN+)
You are resistant to electric shocks. (rElec)
You are resistant to unholy torment.
You are immune to petrification.


Message History

The black bear bites you. The black bear completely misses you.
The black bear claws you but does no damage.
The black bear misses you. You block the black bear's attack.
The black bear completely misses you.
Unknown command.
You hit the black bear.
The black bear is almost dead.
The black bear closely misses you. The black bear barely misses you.
The black bear claws you but does no damage.
Unknown command.
You completely miss the black bear.
The black bear is almost dead.
The black bear bites you.
The black bear claws you but does no damage.
The black bear claws you. You block the black bear's attack.
The black bear barely misses you.
The black bear claws you but does no damage.
You hit the black bear.
The black bear is almost dead.
You block the black bear's attack. The black bear claws you.
The black bear claws you but does no damage.
The black bear bites you but does no damage.
The black bear claws you but does no damage.
The black bear claws you.
* * * LOW HITPOINT WARNING * * *
You hit the black bear.
The black bear is almost dead.
The black bear barely misses you. The black bear claws you.
* * * LOW HITPOINT WARNING * * *
The black bear claws you but does no damage.
The black bear bites you.
* * * LOW HITPOINT WARNING * * *
The black bear barely misses you. The black bear claws you.
* * * LOW HITPOINT WARNING * * *
You closely miss the black bear.
The black bear is almost dead.
The black bear barely misses you. The black bear claws you.
* * * LOW HITPOINT WARNING * * *
The black bear claws you.
You die...

..# ..... ...#
#####....#
....##..$.....#
..............#
...............
.............
......h...# ##.
#.....?@## ......
#........## .....#
..>......>### .....#
...^.###....####.....#
....# ##............
...# ###.......... ..#
##....####. .. ##...##
#...##


You could see a black bear (berserk).

Vanquished Creatures
  A water moccasin (D:4)
  A hound (D:5)
  2 jellies (D:4)
  2 orc priests
  3 iguanas
  4 adders
  An ufetubus (D:5)
  A worm (D:2)
  3 dart slugs
  4 orcs
  5 ball pythons
  8 endoplasms
  3 giant cockroaches
  7 goblins
  4 hobgoblins
  3 jackals (D:1)
  2 quokkas
  3 bats
  4 kobolds
  7 rats
68 creatures vanquished.

Notes
Turn   | Place    | Note
-------+----------+-------------------------------------------
     0 | D:1      | oldriver the Gargoyle Fighter began the quest for the Orb.
     0 | D:1      | Reached XP level 1. HP: 14/14 MP: 1/1
   182 | D:1      | Reached skill level 1 in Stealth
   182 | D:1      | Reached XP level 2. HP: 16/19 MP: 2/2
   699 | D:2      | Reached XP level 3. HP: 18/24 MP: 3/3
   725 | D:2      | Found a stormy altar of Qazlal.
   981 | D:2      | Reached skill level 4 in Fighting
  1101 | D:2      | Found a faded altar of an unknown god.
  1146 | D:2      | Reached XP level 4. HP: 29/29 MP: 4/4
  1824 | D:3      | Found a blossoming altar of Fedhas.
  1825 | D:3      | Found a glowing golden altar of the Shining One.
  1825 | D:3      | Found an ornate altar of the Wu Jian Council.
  1826 | D:3      | Found a hide-covered altar of Uskayaw.
  2083 | D:4      | Found Zycheaw's General Store.
  2089 | D:4      | Found Eschatoeq's Jewellery Shop.
  2092 | D:4      | Found Dukoacvest's Antique Armour Shop.
  2093 | D:4      | Found Nudest's Antique Armour Shop.
  2098 | D:4      | Noticed a water moccasin
  2113 | D:4      | Killed a water moccasin
  2114 | D:4      | Reached XP level 5. HP: 6/34 MP: 5/5
  2385 | D:4      | Reached XP level 6. HP: 39/40 MP: 6/6
  2391 | D:4      | Reached skill level 5 in Fighting
  2442 | D:4      | Bought an ancient scale mail for 225 gold pieces
  2442 | D:4      | Identified the +0 scale mail of Inuawnozoi {rC+ Stlth+}
                  | (You bought it in a shop on level 4 of the Dungeon)
  2872 | D:5      | Entered Level 5 of the Dungeon
  2953 | D:5      | Found Zun Vom's Magic Scroll Emporium.
  2954 | D:5      | Found Heef's Antique Weapon Shoppe.
  2954 | D:5      | Found Suphama's Magic Scroll Boutique.
  3018 | D:5      | Found a staircase to the Ecumenical Temple.
  3083 | D:5      | Reached XP level 7. HP: 34/45 MP: 7/7
  3148 | D:5      | Slain by a black bear

Illustrated notes

Levels and vault maps discovered:
D:1:      matt_arrival_grand_opening, layout_basic, minmay_misc_feat_tiny
D:2:      layout_basic, dreamdust_ecumenical_altar_angels_and_demons,
          basic_altar
D:3:      layout_rooms, chequers_temple_overflow_statue_of_worship,
          minmay_quantized
D:4:      layout_basic, minmay_shop_grid_forest
D:5:      layout_layer_cave, old_standard_altar, minmay_temple_entry_mini_moons,
          nrook_campfire, nicolae_wooded_promenade, uniq_blork_the_orc

Skill      XL: |  1  2  3  4  5  6 |
---------------+-------------------+-----
Axes           | 2 3 4 |  4.2
Stealth        | 1 2 3 4 |  4.0
Fighting       | 4 5 |  5.6
Armour         | |  3.3
Dodging        | |  0.2
Shields        | |  3.3

Action                     |  1- 3 |  4- 6 |  7- 9 || total
---------------------------+-------+-------+-------++-------
  Melee: War axe           |    87 |   106 |    20 ||   213
  Evoke: Wand              |       |     2 |       ||     2
    Use: Scroll            |       |     7 |       ||     7
   Stab: Paralysed         |       |     4 |       ||     4
         Sleeping          |       |     3 |       ||     3
 Armour: Scale mail        |    57 |    70 |    27 ||   154
  Dodge: Dodged            |    53 |    59 |    22 ||   134
  Block: Buckler           |    20 |    29 |     8 ||    57

Table legend: (Time is in decaauts)
 A = Elapsed time spent in this place.
 B = Non-inter-level travel time spent in this place.
 C = Inter-level travel time spent in this place.
 D = Time resting spent in this place.
 E = Time spent auto-exploring this place.
 F = Levels seen in this place.
 G = Mean time per level.
                   A        B        C        D        E       F      G
               +--------+--------+--------+--------+--------+-----+--------+
         Total |   3231 |   3158 |     73 |    137 |   2423 |   5 |  646.2 |
       Dungeon |   3231 |   3158 |     73 |    137 |   2423 |   5 |  646.2 |
               +--------+--------+--------+--------+--------+-----+--------+

Top non-repeatable levels by time:
     D:4: 850 daAuts
     D:2: 838 daAuts
     D:1: 695 daAuts
     D:3: 556 daAuts
     D:5: 292 daAuts
